 Dungeon Crawl Stone Soup version 0.30-a0-1066-g63dfefce0d (webtiles) character file.

Game seed: 14855847347795225141

937 dracfodder the Covert (level 8, -3/47 (51) HPs)
             Began as an Octopode Brigand on Apr 12, 2023.
             Slain by a wight
             ... wielding a +3 falchion of freezing
              (11 damage)
             ... on level 5 of the Dungeon.
             The game lasted 00:19:35 (4066 turns).

dracfodder the Covert (Octopode Brigand)            Turns: 4066, Time: 00:19:36

HP:   -3/47 (51)    AC:  1    Str: 16    XL:     8   Next: 12%
MP:   8/8           EV: 14    Int: 13    God:
Gold: 195           SH:  0    Dex: 16    Spells: 7/7 levels left

rFire   . . .      SeeInvis .    a - +2 dagger
rCold   . . .      Faith    .    (no shield)
rNeg    . . .      Spirit   .    (helmet restricted)
rPois   .          Reflect  .    (no amulet)
rElec   .          Rampage  .    d - ring of resist corrosion
rCorr   +                        i - +6 ring of strength
Will    .....                    (no ring)
Stlth   ++++++                   (no ring)
HPRegen 0.27/turn                (no ring)
MPRegen 0.11/turn                (no ring)
                                 (no ring)
                                 (no ring)

@: drained
A: almost no armour, amphibious, 8 rings, camouflage 1, gelatinous body 1,
(nimble swimmer 1), tentacles
a: no special abilities


You were on level 5 of the Dungeon.
You visited 2 branches of the dungeon, and saw 6 of its levels.

You collected 195 gold pieces.

Inventory:

Hand Weapons
 a - a +2 dagger (weapon)
 b - a +2 heavy spear
 e - a +1 rapier of venom
Missiles
 c - 3 curare-tipped darts
 g - 21 poisoned darts (quivered)
 h - 5 silver javelins
 m - 2 boomerangs of dispersal
Jewellery
 d - a ring of resist corrosion (left tentacle)
 i - a +6 ring of strength (right tentacle)
Wands
 l - a wand of quicksilver (9)
Scrolls
 n - a scroll of amnesia
 o - a scroll of identify
 p - a scroll of fear
Potions
 f - 2 potions of heal wounds
 j - a potion of ambrosia
 k - 2 potions of brilliance
 q - a potion of might
 r - a potion of lignification
 s - a potion of curing


   Skills:
 + Level 2.6 Fighting
 + Level 3.2 Short Blades
 + Level 1.0 Polearms
 + Level 2.4 Throwing
 * Level 3.0 Dodging
 * Level 11.9 Stealth


You had 7 spell levels left.
You didn't know any spells.
Your spell library contained the following spells:

 Spells                   Type           Power      Damage    Failure   Level
 Beastly Appendage        Tmut           0%         N/A       30%         1
 Ensorcelled Hibernation  Hex/Ice        0%         N/A       43%         2
 Wereblood                Tmut           0%         N/A       43%         2
 Spider Form              Tmut/Pois      0%         N/A       67%         3
 Anguish                  Hex/Necr       0%         N/A       97%         4


Dungeon Overview and Level Annotations

Branches:
Dungeon (5/15)             Temple (1/1) D:4

Altars:
Ashenzari
Cheibriados
Elyvilon
Fedhas
Gozag
Kikubaaqudgha
Nemelex Xobeh
Qazlal
Ru
Sif Muna
Trog
Uskayaw
Vehumet
Yredelemnul

Shops:
D:2 (=


Innate Abilities, Weirdness & Mutations

You cannot wear most types of armour.
You are amphibious.
You can wear up to eight rings at the same time.
Your skin changes colour to match your surroundings (Stealth+).
Your rubbery body absorbs attacks. (AC +1, EV +1)
((You are camouflaged when in or above water. (Stealth+)))
You have tentacles for arms and can constrict up to eight enemies at once.


Message History

You hit the orc but do no damage.
The orc is severely wounded.
You constrict the orc.
You kill the orc!
The gnoll sergeant hits you from afar with a +0 spear.
You hit the wight but do no damage. You grab the wight.
You constrict the wight, but do no damage.
The gnoll sergeant hits you from afar with a +0 spear.
The wight struggles to escape constriction.
You hit the wight but do no damage. You constrict the wight.
The gnoll sergeant barely misses you.
The wight hits you with a +3 falchion of freezing!
* * * LOW HITPOINT WARNING * * *
You feel drained. The wight freezes you.
* * * LOW HITPOINT WARNING * * *
A white imp comes into view.
You feel much better.
You constrict the wight, but do no damage.
The gnoll sergeant closely misses you.
The wight hits you with a +3 falchion of freezing!
You feel drained. The wight freezes you.
The white imp shouts!
You hit the wight but do no damage.
The wight is lightly damaged.
You constrict the wight. The gnoll sergeant closely misses you.
The wight escapes!
You hit the wight. You grab the wight. You squeeze the wight.
The wight is severely damaged.
You constrict the wight, but do no damage.
The gnoll sergeant hits you from afar with a +0 spear!
* * * LOW HITPOINT WARNING * * *
The wight misses you.
The wight hits you with a +2 long sword.
* * * LOW HITPOINT WARNING * * *
You hit the wight but do no damage. Your grab misses the wight.
You squeeze the wight, but do no damage.
You constrict the wight, but do no damage.
The gnoll sergeant misses you.
The wight hits you with a +3 falchion of freezing!
You die...

##.....#....#.# #.<..
.......#......# #.###
.......#..##..# #.#
....<.....##..#####.#
#.#
......#.#.##........#
#.#
......#.#.#.....#####
#.# ......#.#.#..#..#
##.## ......#...).....##
##.#.##
.........>...#.z@#
#.###..
################z#######
##.#.## #.....z{g.....#
##.## #......)......#
### #...5....(....#####
#......#......#...######
#....≈§.≈≈....#?.. ....#
#....≈...§..."#... ♣..#
+.).#..#..#...+..♣ ♣)#


You could see a gnoll sergeant, 3 wights and a white imp.

Vanquished Creatures
  Duvessa (D:5)
  A water moccasin (D:5)
  4 scorpions
  A wight (D:5)
  Dowan (D:5)
  A hound (D:4)
  2 orc priests (D:5)
  2 sleepcaps (D:5)
  2 iguanas
  2 orc wizards (D:5)
  6 adders
  A shadow imp (D:5)
  A worm (D:2)
  2 dart slugs
  6 orcs
  3 ball pythons
  13 bats
  3 endoplasms
  2 giant cockroaches
  8 goblins
  3 hobgoblins
  8 kobolds
  5 quokkas
  6 frilled lizards
  7 rats
91 creatures vanquished.

Notes
Turn   | Place    | Note
-------+----------+-------------------------------------------
     0 | D:1      | dracfodder the Octopode Brigand began the quest for the
                  | Orb.
     0 | D:1      | Reached XP level 1. HP: 14/14 MP: 1/1
   176 | D:1      | Reached XP level 2. HP: 19/19 MP: 2/2
   226 | D:1      | Reached skill level 6 in Stealth
   850 | D:2      | Reached XP level 3. HP: 15/24 MP: 3/3
   963 | D:2      | Found Fongoam's Weapon Emporium.
  1324 | D:2      | Reached skill level 7 in Stealth
  1475 | D:2      | Found Ariz's Jewellery Shoppe.
  1782 | D:3      | Reached XP level 4. HP: 29/29 MP: 4/4
  2869 | D:4      | Noticed a scorpion
  2872 | D:4      | Killed a scorpion
  2873 | D:4      | Reached skill level 8 in Stealth
  2873 | D:4      | Reached XP level 5. HP: 34/34 MP: 5/5
  3038 | D:4      | Found a staircase to the Ecumenical Temple.
  3107 | Temple   | Entered the Ecumenical Temple
  3107 | Temple   | Found a transporter.
  3107 | Temple   | Found a transporter.
  3109 | Temple   | Found a transporter.
  3109 | Temple   | Found a transporter.
  3180 | D:4      | Reached XP level 6. HP: 39/39 MP: 6/6
  3189 | D:4      | Reached skill level 9 in Stealth
  3410 | D:4      | Found a basalt altar of Yredelemnul.
  3530 | D:4      | Found a stormy altar of Qazlal.
  3530 | D:4      | Found a radiant altar of Vehumet.
  3622 | D:5      | Entered Level 5 of the Dungeon
  3768 | D:5      | Reached skill level 10 in Stealth
  3834 | D:5      | Noticed a water moccasin
  3841 | D:5      | Killed a water moccasin
  3842 | D:5      | Reached XP level 7. HP: 45/45 MP: 7/7
  3923 | D:5      | Noticed Duvessa
  3925 | D:5      | Noticed Dowan
  3926 | D:5      | Killed Duvessa
  3933 | D:5      | Killed Dowan
  3934 | D:5      | Reached skill level 11 in Stealth
  3953 | D:5      | Reached skill level 1 in Polearms
  4044 | D:5      | Reached XP level 8. HP: 51/51 MP: 8/8
  4066 | D:5      | Slain by a wight

Illustrated notes

Levels and vault maps discovered:
D:1:      minmay_arrival_nine_rooms, layout_loops_ring, amethyst_killhole
D:2:      layout_basic, serial_shops, nicolae_shop_statue_plus, shop
D:3:      layout_basic, minmay_misc_feat_pillars, roderic_batcave,
          minmay_misc_feat_rugged
D:4:      layout_gridville, mainiacjoe_overflow_divided_tiny, kennysheep_mini,
          minmay_temple_entry_butterflies
D:5:      layout_loops_ring, minmay_stone_trees_small,
          kennysheep_generic_room_2, uniq_duvessa
Temple:   hellmonk_temple_divided_pantheon

Skill      XL: |  1  2  3  4  5  6  7 |
---------------+----------------------+-----
Stealth        | 6 7 8 10 11 | 11.9
Dodging        | 2 3 |  3.0
Polearms       | 1 |  1.0
Short Blades   | 3 |  3.2
Fighting       | |  2.6
Throwing       | |  2.4

Action                     |  1- 3 |  4- 6 |  7- 9 || total
---------------------------+-------+-------+-------++-------
  Melee: Dagger            |    54 |    39 |    36 ||   129
         Constrict         |    11 |    12 |    10 ||    33
         Tentacles         |     8 |    12 |    14 ||    34
         Punch             |     1 |     2 |     1 ||     4
         Spear             |       |    19 |       ||    19
  Throw: Dart              |    10 |     6 |       ||    16
    Use: Scroll            |     6 |     3 |     2 ||    11
         Potion            |       |     3 |     5 ||     8
   Stab: Sleeping          |    18 |    19 |     5 ||    42
         Distracted        |     1 |       |       ||     1
         Invisible         |       |       |     1 ||     1
 Armour: Skin              |     4 |     2 |     1 ||     7
  Dodge: Dodged            |    20 |    20 |    28 ||    68

Table legend: (Time is in decaauts)
 A = Elapsed time spent in this place.
 B = Non-inter-level travel time spent in this place.
 C = Inter-level travel time spent in this place.
 D = Time resting spent in this place.
 E = Time spent auto-exploring this place.
 F = Levels seen in this place.
 G = Mean time per level.
                   A        B        C        D        E       F      G
               +--------+--------+--------+--------+--------+-----+--------+
         Total |   4054 |   3925 |    129 |    243 |   3019 |   6 |  675.7 |
       Dungeon |   4017 |   3901 |    116 |    243 |   3013 |   5 |  803.4 |
        Temple |     36 |     23 |     13 |      0 |      6 |   1 |   36.0 |
               +--------+--------+--------+--------+--------+-----+--------+

Top non-repeatable levels by time:
     D:3: 1044 daAuts
     D:2: 984 daAuts
     D:4: 905 daAuts
     D:1: 642 daAuts
     D:5: 440 daAuts
  Temple: 36 daAuts
